 Dungeon Crawl Stone Soup version 0.29.1-14-g9c671dbff4 (webtiles) character file.

Game seed: 1642361870251151749

8339 Heoruswealwe the Eclecticist (level 11, -1/72 HPs)
             Began as a Deep Elf Conjurer on Feb 20, 2023.
             Was a High Priest of Hepliaklqana.
             Slain by a cane toad (2 damage)
             ... on level 1 of the Lair of Beasts.
             The game lasted 03:08:24 (12724 turns).

Heoruswealwe the Eclecticist (Deep Elf Conjurer)   Turns: 12724, Time: 03:08:26

Health: -1/72      AC: 25    Str:  7    XL:     11   Next: 8%
Magic:  20/33      EV:  2    Int: 31    God:    Hepliaklqana [*****.]
Gold:   717        SH:  0    Dex: 11    Spells: 33/43 levels left

rFire   . . .      SeeInvis +   m - +2 long sword (vamp)
rCold   . . .      Faith    .   (no shield)
rNeg    . . .      Spirit   .   (body armour currently unavailable)
rPois   +          Reflect  .   (helmet currently unavailable)
rElec   .          Harm     .   (cloak currently unavailable)
rCorr   .          Rampage  .   (gloves currently unavailable)
Will    ++...      NoTele   +   (boots currently unavailable)
Stlth   ++........              w - amulet of the acrobat
HPRegen 0.22/turn               s - ring of see invisible
MPRegen 0.23/turn               U - ring of willpower

@: lethally poisoned (-1 -> -6), tree-form
A: stationary, stasis, torment immunity, boosted hp, reduced essence, clever 1,
strong 1
a: Renounce Religion, Recall Ancestor, Ancestor Identity, Transference, Idealise


You were on level 1 of the Lair of Beasts.
You worshipped Hepliaklqana.
Hepliaklqana was extremely pleased with you.
You were a tree.
You visited 3 branches of the dungeon, and saw 11 of its levels.

You collected 717 gold pieces.

Inventory:

Hand Weapons
 m - a +2 vampiric long sword (weapon)
Armour
 f - a +2 pair of boots (melded)
 g - the +4 robe "Uliogero" (melded) {Regen+}
   (You found it on level 8 of the Dungeon)

   Regen:     It increases your rate of health regeneration.
Jewellery
 s - a ring of see invisible (left branch)
 w - an amulet of the acrobat (around neck)
 U - a ring of willpower (right branch)
Wands
 d - a wand of charming (22)
 C - a wand of flame (15)
 Q - a wand of digging (2)
Scrolls
 n - 4 scrolls of teleportation
 r - 3 scrolls of fog
 t - 2 scrolls of amnesia
 u - a scroll of enchant armour
 Y - 3 scrolls of identify
Potions
 b - 3 potions of magic
 H - 2 potions of invisibility
 N - 2 potions of might


   Skills:
 - Level 2.4 Dodging
 - Level 2.4 Stealth
 + Level 16.7 Spellcasting
 + Level 14.6 Conjurations


You had 33 spell levels left.
You knew the following spells:

 Your Spells              Type           Power      Damage    Failure   Level
a - Magic Dart            Conj           100%       1d8       0%          1
b - Searing Ray           Conj           100%       2d8       0%          2
c - Shock                 Conj/Air       100%       1d9       1%          1
d - Fulminant Prism       Conj/Hex       31%        3d16      1%          4
e - Passwall              Tmut/Erth      20%        N/A       2%          2

Your spell library contained the following spells:

 Spells                   Type           Power      Damage    Failure   Level
 Foxfire                  Conj/Fire      100%       2x1d9     1%          1
 Sandblast                Erth           50%        2d12      1%          1
 Static Discharge         Conj/Air       63%        3-11/arc  1%          2
 Dazzling Flash           Conj/Hex       100%       N/A       1%          3
 Stone Arrow              Conj/Erth      100%       3d13      1%          3
 Iskenderun's Mystic Bla  Conj/Tloc      63%        2d13      1%          4
 Ensorcelled Hibernation  Hex/Ice        50%        N/A       2%          2
 Poisonous Vapours        Pois/Air       50%        N/A       2%          2
 Lightning Bolt           Conj/Air       31%        1d48      2%          5
 Call Canine Familiar     Summ           25%        N/A       4%          3
 Gell's Gravitas          Tloc           25%        N/A       4%          3
 Portal Projectile        Hex/Tloc       50%        N/A       4%          3
 Swiftness                Air            25%        N/A       4%          3
 Teleport Other           Tloc           25%        N/A       4%          3
 Corpse Rot               Necr/Pois/Air  25%        N/A       16%         4
 Leda's Liquefaction      Hex/Erth       12%        N/A       16%         4
 Petrify                  Tmut/Erth      25%        N/A       16%         4
 Lee's Rapid Deconstruct  Erth           12%        3d10*     41%         5
 Metabolic Englaciation   Hex/Ice        12%        N/A       41%         5
 Dispersal                Tloc           12%        N/A       94%         6
 Statue Form              Tmut/Erth      16%        N/A       94%         6
 Maxwell's Capacitive Co  Air            12%        ∞         100%        8
 Shatter                  Erth           12%        3d13*     100%        9


Dungeon Overview and Level Annotations

Branches:
Dungeon (9/15)             Temple (1/1) D:6            Lair (1/5) D:9
    Orc: D:9-12

Altars:
Cheibriados
Dithmenos
Elyvilon
Fedhas
Gozag
Hepliaklqana
Kikubaaqudgha
Makhleb
Nemelex Xobeh
Okawaru
Qazlal
Ru
Sif Muna
Trog
Uskayaw
Vehumet
Wu Jian
Xom
Yredelemnul
Zin
The Shining One


Innate Abilities, Weirdness & Mutations

You are a tree.
Your roots penetrate the ground, keeping you stationary.
You cannot be teleported.
You are immune to unholy pain and torment.
Your maximum health is greatly increased.
Your equipment is partially melded.
Your life essence is reduced to manifest your ancestor. (-10% HP)
Your mind is acute. (Int +4, Str/Dex -1)
Your muscles are strong. (Str +4, Int/Dex -1)


Message History

The cane toad poisons you!
Really quaff the potion of lignification?
You turn into a tree.
Your +2 pair of boots melds into your body.
The +4 robe "Uliogero" {Regen+} melds into your body.
Your roots penetrate the ground.
* * * LOW HITPOINT WARNING * * *
You feel very sick.
The cane toad stings you but does no damage.
You feel better. The cane toad stings you.
* * * LOW HITPOINT WARNING * * *
You are lethally poisoned!
The cane toad poisons you!
Okay, then.
Okay, then.
You hit the cane toad.
You feel better.
The cane toad is lightly wounded.
* * * LOW HITPOINT WARNING * * *
You feel very sick.
The cane toad stings you but does no damage. x2
You cannot move.
Casting: Magic Dart (safe; 0% risk of failure)
Confirm with . or Enter, or press ? or * to list all spells.
Aiming: Magic Dart (safe; 0% risk of failure)
Press: ? - help, Shift-Dir - straight line, f - cane toad
Aim: a cane toad (lightly wounded, 100% to hit)
The magic dart hits the cane toad but does no damage.
The cane toad is lightly wounded.
* * * LOW HITPOINT WARNING * * *
You feel sick. The cane toad barely misses you.
Casting: Magic Dart (safe; 0% risk of failure)
Confirm with . or Enter, or press ? or * to list all spells.
Aiming: Magic Dart (safe; 0% risk of failure)
Press: ? - help, Shift-Dir - straight line, f/p - cane toad
Aim: a cane toad (lightly wounded, 100% to hit)
The magic dart hits the cane toad.
The cane toad is lightly wounded.
* * * LOW HITPOINT WARNING * * *
You feel sick. The cane toad stings you.
You die...

# ##.####
#.....##
♣♣♣.####
♣♣♣F♣....#
♣~~~~~...#
♣~~~~~♣#.#
♣PP≈≈~~~~~..#
♣~~~≈≈~P~P~P~..#
~~~~~≈≈~~P~~~♣.#
~~~~≈≈≈≈≈~~~P~.
....~
P~~P~~~~~~~~...


You could see a cane toad.

Vanquished Creatures
  A two-headed ogre (D:9)
  Grinder (D:5)
  A hornet (D:9)
  A blink frog (Lair:1)
  2 wyverns
  The ghost of laros the Chopper, an amateur MiBe of Trog (D:3)
  A yak (D:8)
  An ice beast (D:6)
  2 ogres
  A centaur (D:8)
  4 bullfrogs
  2 scorpions
  2 wights (D:8)
  5 killer bees
  6 howler monkeys
  2 bullfrog zombies (D:5)
  A gnoll bouda (D:6)
  3 hounds
  2 iguanas
  3 orc wizards
  5 gnolls
  3 adders
  A white imp (D:7)
  An ufetubus (D:4)
  A worm (D:2)
  2 dart slugs
  18 orcs
  6 endoplasms
  8 giant cockroaches
  9 goblins
  3 hobgoblins
  3 quokkas (D:1)
  7 ball pythons
  6 bats
  4 frilled lizards
  3 kobolds
  10 rats
132 creatures vanquished.

Vanquished Creatures (collateral kills)
  A troll (D:9)
  A hornet (D:9)
  Sigmund (D:3)
  A wraith (D:9)
  2 yaks (D:8)
  A steam dragon (D:9)
  Menkaure (D:5)
  Duvessa (D:4)
  A sky beast (D:7)
  2 ice beasts (D:6)
  2 orc warriors
  2 ogres
  2 phantoms
  3 bullfrogs
  A gnoll sergeant (D:9)
  5 scorpions
  2 wights (D:8)
  Dowan (D:4)
  8 killer bees
  5 howler monkeys
  A jelly (D:5)
  A hound (D:5)
  An iguana (D:5)
  An orc wizard (D:9)
  5 gnolls
  4 adders
  2 white imps
  2 worms
  5 orcs
  A ball python (D:3)
  2 endoplasms (D:2)
  A kobold (D:4)
  A quokka (D:2)
70 creatures vanquished.

Vanquished Creatures (others)
  A knight (Lair:1)
  An ancestor (D:3)
  2 fulminant prisms (Lair:1)
  3 fungi (Lair:1)
  A plant (Lair:1)
8 creatures vanquished.

Grand Total: 210 creatures vanquished

Notes
Turn   | Place    | Note
-------+----------+-------------------------------------------
     0 | D:1      | Heoruswealwe the Deep Elf Conjurer began the quest for the
                  | Orb.
     0 | D:1      | Reached XP level 1. HP: 10/10 MP: 6/6
   222 | D:1      | Reached XP level 2. HP: 11/15 MP: 2/8
   479 | D:1      | Reached skill level 4 in Spellcasting
   562 | D:1      | Reached XP level 3. HP: 16/19 MP: 4/10
   594 | D:1      | Found a faded altar of an unknown god.
   596 | D:1      | Reached skill level 5 in Conjurations
   631 | D:1      | Prayed at the altar of an unknown god.
   631 | D:1      | Became a worshipper of Hepliaklqana the Forgotten
   631 | D:1      | Reached * piety under Hepliaklqana
  1008 | D:1      | Gained mutation: You have large cloven feet. [potion of
                  | mutation]
  1008 | D:1      | Lost mutation: You have large cloven feet. [potion of
                  | mutation]
  1008 | D:1      | Gained mutation: You are robust. (+10% HP) [potion of
                  | mutation]
  1008 | D:1      | Gained mutation: Your muscles are strong. (Str +4, Int/Dex
                  | -1) [potion of mutation]
  1084 | D:2      | Learned a level 2 spell: Searing Ray
  1313 | D:2      | Reached XP level 4. HP: 24/24 MP: 1/12
  1741 | D:3      | Found a transporter.
  1743 | D:3      | Noticed laros's ghost (amateur MiBe)
  1744 | D:3      | Found a transporter.
  1746 | D:3      | Got the Compendium of Electric Clay
  1908 | D:3      | Reached skill level 5 in Spellcasting
  2079 | D:2      | Learned a level 2 spell: Searing Ray
  2081 | D:2      | Learned a level 1 spell: Shock
  2274 | D:3      | Reached ** piety under Hepliaklqana
  2275 | D:3      | Remembered your ancestor Zhah as a knight
  2424 | D:3      | Found a bloodstained altar of Trog.
  2431 | D:3      | Reached XP level 5. HP: 28/28 MP: 7/14
  2452 | D:3      | Found a shimmering blue altar of Sif Muna.
  2459 | D:3      | Got Sif Muna's Spellbook of Calefaction
  2647 | D:3      | Noticed Sigmund
  2667 | D:3      | Killed Sigmund
  2668 | D:3      | Reached skill level 6 in Spellcasting
  2668 | D:3      | Reached XP level 6. HP: 32/32 MP: 15/17
  2961 | D:3      | Killed laros's ghost
  2962 | D:3      | Reached skill level 7 in Spellcasting
  3520 | D:4      | Reached XP level 7. HP: 36/36 MP: 10/20
  3573 | D:4      | Found a hazy altar of Hepliaklqana.
  3668 | D:4      | Noticed Duvessa
  3668 | D:4      | Noticed Dowan
  3676 | D:4      | Killed Duvessa
  3677 | D:4      | Reached skill level 8 in Spellcasting
  3687 | D:4      | Killed Dowan
  4342 | D:4      | Lost mutation: You are robust. (+10% HP) [potion of
                  | mutation]
  4342 | D:4      | Lost mutation: Your muscles are strong. (Str +4, Int/Dex
                  | -1) [potion of mutation]
  4342 | D:4      | Gained mutation: Your spells are a little harder to cast,
                  | but a little more powerful. [potion of mutation]
  4342 | D:4      | Gained mutation: You are dopey. (Int -2) [potion of
                  | mutation]
  4342 | D:4      | Gained mutation: You expend magic power (3 MP) to
                  | strengthen your wands. [potion of mutation]
  4781 | D:5      | Entered Level 5 of the Dungeon
  4844 | D:5      | Reached *** piety under Hepliaklqana
  4865 | D:5      | Reached skill level 9 in Spellcasting
  4868 | D:5      | Reached XP level 8. HP: 36/36 MP: 10/23
  5314 | D:5      | Reached skill level 10 in Spellcasting
  5410 | D:5      | Reached skill level 14 in Spellcasting
  5410 | D:5      | Reached XP level 9. HP: 40/40 MP: 24/29
  5601 | D:5      | Noticed Menkaure
  5605 | D:5      | Killed Menkaure
  5678 | D:5      | Noticed Grinder
  5691 | D:5      | Killed Grinder
  5757 | D:5      | Lost mutation: Your spells are a little harder to cast, but
                  | a little more powerful. [potion of mutation]
  5757 | D:5      | Lost mutation: You are dopey. (Int -2) [potion of mutation]
  5757 | D:5      | Lost mutation: You expend magic power (3 MP) to strengthen
                  | your wands. [potion of mutation]
  5757 | D:5      | Gained mutation: You are somewhat resistant to further
                  | mutation. [potion of mutation]
  5963 | D:5      | Found a basalt altar of Yredelemnul.
  6386 | D:6      | Reached skill level 15 in Spellcasting
  6550 | D:6      | Found a shadowy altar of Dithmenos.
  6653 | D:6      | Found a staircase to the Ecumenical Temple.
  6742 | D:6      | Found the +8 orange crystal plate armour {Archmagi, Int+3
                  | Clar}
  7235 | D:3      | You fall into a shaft and drop 3 floors!
  7257 | Temple   | Entered the Ecumenical Temple
  7925 | D:5      | You fall into a shaft and drop 1 floor!
  8177 | D:7      | Reached XP level 10. HP: 45/45 MP: 25/31
  8397 | D:7      | Reached **** piety under Hepliaklqana
 10284 | D:8      | Found a burning altar of Makhleb.
 10483 | D:8      | Found a sacrificial altar of Ru.
 10485 | D:8      | Identified the +4 robe "Uliogero" {Regen+}
 10856 | D:8      | Reached skill level 16 in Spellcasting
 10923 | D:8      | Reached ***** piety under Hepliaklqana
 11092 | D:8      | Found a white marble altar of Elyvilon.
 11160 | D:7      | Lost mutation: You are somewhat resistant to further
                  | mutation. [potion of mutation]
 11160 | D:7      | Gained mutation: Your muscles are strong. (Str +4, Int/Dex
                  | -1) [potion of mutation]
 11160 | D:7      | Gained mutation: Your mind is acute. (Int +4, Str/Dex -1)
                  | [potion of mutation]
 11178 | D:7      | Learned a level 4 spell: Fulminant Prism
 11181 | D:7      | Learned a level 2 spell: Passwall
 11269 | D:9      | Noticed a two-headed ogre
 11271 | D:9      | Found a staircase to the Lair.
 11276 | D:9      | Killed a two-headed ogre
 11864 | D:9      | Reached XP level 11. HP: 45/48 MP: 31/33
 12667 | Lair:1   | Entered Level 1 of the Lair of Beasts
 12720 | Lair:1   | HP: 2/72 [poisoned by a cane toad]
 12724 | Lair:1   | Slain by a cane toad

Illustrated notes

Levels and vault maps discovered:
D:1:      matt_arrival_los_fun, layout_loops_ring,
          shapermc_ecumenical_altar_notcrosses
D:2:      layout_basic
D:3:      layout_basic, nzn_overflow_gifts_of_might_and_magic,
          gammafunk_ghost_arena, uniq_sigmund
D:4:      layout_layer_cave, nzn_hepliaklqana_mist_gate, uniq_duvessa
D:5:      layout_cave_pods, lemuel_zombie_altar_yredelemnul, uniq_menkaure,
          uniq_grinder
D:6:      layout_loops_ring, mainiacjoe_overflow_surrounded_room,
          minmay_temple_entry_large_hall
D:7:      layout_loops_corners, nicolae_concentric_dashed_squares_mild
D:8:      layout_layer_cave, marbit_many_paths, lemuel_doored_altar,
          kennysheep_little_box, feat_on_display
D:9:      layout_basic, lair_entry_dummy, kennysheep_generic_room_7
Temple:   compressed_dpeg_triangle_lava_temple
Lair:1:   layout_cave_shapes, serial_bayou_lagoon_b

Skill      XL: |  1  2  3  4  5  6  7  8  9 10 |
---------------+-------------------------------+-----
Spellcasting   | 4 5 6 7 9 14 15 16 | 16.7
Conjurations   | 5 6 7 8 12 13 14 | 14.6
Dodging        | |  2.4
Stealth        | |  2.4

Action                   |  1- 3 |  4- 6 |  7- 9 | 10-12 || total
-------------------------+-------+-------+-------+-------++-------
Melee: Long sword        |    43 |     6 |       |    11 ||    60
       Dagger            |     2 |       |       |       ||     2
       Falchion          |       |     8 |    14 |    17 ||    39
       Punch             |       |       |       |     1 ||     1
 Cast: Magic Dart        |    65 |    48 |   152 |   211 ||   476
       Searing Ray       |       |     9 |     3 |     1 ||    13
       Shock             |       |     1 |       |       ||     1
       Fulminant Prism   |       |       |       |     2 ||     2
Invok: Ancestor Identity |     1 |       |       |       ||     1
       Ancestor Life: Kn |       |     1 |       |       ||     1
       Recall Ancestor   |       |       |     3 |     2 ||     5
  Use: Scroll            |     3 |     9 |     9 |     7 ||    28
       Potion            |     3 |     2 |     6 |     7 ||    18
 Stab: Sleeping          |       |       |       |     2 ||     2
Armor: Robe              |    14 |     2 |     1 |     2 ||    19
       Skin              |       |       |       |    16 ||    16
Dodge: Dodged            |    47 |    14 |    14 |    43 ||   118
